 Dungeon Crawl Stone Soup version 0.23-a0-455-ge12115f (webtiles) character file.

53 Dfrag the Firebug (level 3, 0/28 HPs)
             Began as a Naga Fire Elementalist on Nov 24, 2018.
             Slain by a giant cockroach (1 damage)
             ... on level 2 of the Dungeon.
             The game lasted 00:01:55 (1166 turns).

Dfrag the Firebug (Naga Fire Elementalist)          Turns: 1166, Time: 00:01:57

Health: 0/28       AC:  2    Str: 10    XL:     3   Next: 89%
Magic:  0/7        EV: 10    Int: 16    God:
Gold:   61         SH:  0    Dex: 11    Spells: 6/7 levels left

rFire    . . .     SeeInvis +   (no weapon)
rCold    . . .     Gourm    .   (no shield)
rNeg     . . .     Faith    .   a - +0 robe
rPois    +         Spirit   .   (no helmet)
rElec    .         Reflect  .   (no cloak)
rCorr    .         Harm     .   (no gloves)
MR       .....                  (no barding)
Stlth    +.........             (no amulet)
HPRegen  0.09/turn              f - ring of attention (curse)
MPRegen  0.10/turn              (no ring)

@: short of breath, very slow
A: large, see invisible, deformed body, poison resistance, slowness 2, slow
metabolism 1, spit poison 1, AC +1
a: Spit Poison


You were on level 2 of the Dungeon.
You were very hungry.

You visited 1 branch of the dungeon, and saw 2 of its levels.

You collected 61 gold pieces.

Inventory:

Armour
 a - a +0 robe (worn)
Jewellery
 f - a cursed ring of attention (left hand)
Scrolls
 e - 4 scrolls of identify {unknown}
 g - a scroll of remove curse {unknown}
 i - a scroll of teleportation {unknown}
Potions
 b - a potion of degeneration {unknown}
 d - 2 potions of berserk rage {unknown}
 h - a potion of haste {unknown}
 j - a potion of mutation {unknown}
 k - a potion of agility {unknown}
Comestibles
 c - a ration


   Skills:
 - Level 1.5 Dodging
 - Level 3.0 Stealth
 + Level 2.7 Spellcasting
 + Level 2.1 Conjurations
 + Level 3.6 Fire Magic


You had 6 spell levels left.
You knew the following spells:

 Your Spells              Type           Power        Failure   Level  Hunger
a - Flame Tongue          Conj/Fire      ##...        6%          1    #......

Your spell library contained the following spells:

 Spells                   Type           Power        Failure   Level  Hunger
 Throw Flame              Conj/Fire      ##....       9%          2    ##.....
 Conjure Flame            Conj/Fire      ##......     19%         3    ###....
 Inner Flame              Hex/Fire       #.......     28%         3    ###....
 Sticky Flame             Conj/Fire      ##......     52%         4    #####..
 Fireball                 Conj/Fire      ##........   86%         5    ######.


Dungeon Overview and Level Annotations

Branches:
Dungeon (2/15)

Altars:


Innate Abilities, Weirdness & Mutations

You cannot wear boots.
Your serpentine skin is tough. (AC +1)
You have supernaturally acute eyesight. (SInv)
Armour fits poorly on your strangely shaped body.
Your system is resistant to poisons. (rPois)
You cover ground very slowly.
You have a slow metabolism.
You can spit poison.


Message History

Aim: a giant cockroach (clinging)
The flame tongue misses the giant cockroach.
The giant cockroach bites you but does no damage.
Unknown command.
You have got your breath back.
The giant cockroach closely misses you. The giant cockroach bites you.
* * * LOW HITPOINT WARNING * * *
Press: ? - help, Shift-Dir - straight line, f/p - giant cockroach
Aim: a giant cockroach (clinging)
The splash of poison hits the giant cockroach.
The giant cockroach is almost dead.
You feel slightly more hungry. The giant cockroach barely misses you.
Unknown command.
Casting: Flame Tongue (safe; 6% risk of failure)
Confirm with . or Enter, or press ? or * to list all spells.
You don't have enough magic to cast that spell.
Unknown command.
The giant cockroach bites you.
You die...

#############
####...........#
#.........####.#
#.##.####.# #.# ##.##.##
#.####.#
######......###......#
#...............<.##.#
...........#####.##.#
##......s@......##.# #
#.......######.##.#
.####.##.....#...........#
$.....†......########.##.#
.####.##..#.## #.##.# ..
#..#.# #.##.#### ## #....#
#.##....# ##..#.##
#.#####.# #....>.#####
#.#####.#


You could see a giant cockroach.

Vanquished Creatures
  An ooze (D:2)
  5 dart slugs
  2 worms (D:2)
  A leopard gecko (D:2)
  A ball python (D:1)
  A giant cockroach (D:1)
  3 goblins (D:1)
  2 hobgoblins
  2 jackals (D:1)
  5 kobolds
  4 bats (D:1)
  4 frilled lizards (D:1)
  4 rats (D:1)
35 creatures vanquished.

Notes
Turn   | Place    | Note
-------+----------+-------------------------------------------
     0 | D:1      | Dfrag the Naga Fire Elementalist began the quest for the
                  | Orb.
     0 | D:1      | Reached XP level 1. HP: 15/15 MP: 3/3
   115 | D:1      | Reached XP level 2. HP: 13/22 MP: 1/5
   349 | D:1      | Reached XP level 3. HP: 22/28 MP: 1/6
  1164 | D:2      | HP: 1/28 [giant cockroach (2)]
  1166 | D:2      | Slain by a giant cockroach

Vault maps used:
D:1:      dpeg_arrival_rooms_b
D:2:      minmay_domino_2

Skill      XL: |  1  2  3 |
---------------+----------+-----
Conjurations   | 2 |  2.1
Dodging        | |  1.5
Stealth        | |  3.0
Spellcasting   | |  2.7
Fire Magic     | |  3.6

Action                   || total
-------------------------++-------
Melee: Unarmed           ||    27
 Cast: Flame Tongue      ||    54
 Abil: Spit Poison       ||    26
  Eat: Chunk             ||     1
Armor: Robe              ||    29
Dodge: Dodged            ||    58

Table legend:
 A = Non-vault XP
 B = Vault XP
 C = Vault XP percentage of total XP
 D = Non-vault monster count
 E = Vault monster count
 F = Vault count percentage of total count
                 A         B        C        D         E       F
            +---------+---------+-------+---------+---------+-------
      Total |      77 |       0 |   0.0 |      35 |       0 |   0.0
            +---------+---------+-------+---------+---------+-------
        D:1 |      51 |       0 |   0.0 |      28 |       0 |   0.0
        D:2 |      26 |       0 |   0.0 |       7 |       0 |   0.0
            +---------+---------+-------+---------+---------+-------
